 Dungeon Crawl Stone Soup version 0.19-a0-1532-g228a5d9 (webtiles) character file.

322 epen the Ducker (level 6, -9/49 HPs)
             Began as a Merfolk Monk on Sept 13, 2016.
             Mangled by an orc warrior
             ... wielding a +0 war axe of draining
              (15 damage)
             ... on level 4 of the Dungeon.
             The game lasted 00:05:15 (3800 turns).

epen the Ducker (Merfolk Monk)                      Turns: 3800, Time: 00:05:16

Health: -9/49      AC:  7    Str: 11    XL:     6   Next: 47%
Magic:  6/6        EV: 16    Int: 11    God:
Gold:   164        SH:  0    Dex: 23    Spells: 0 memorised, 5 levels left

rFire  + . .     SeeInvis .       - Unarmed
rCold  + . .     Gourm    .     q - +2 robe {MR+}
rNeg   . . .     Faith    .     (no shield)
rPois  +         Spirit   .     (no helmet)
rElec  +         Dismiss  .     k - +2 cloak
rCorr  +         Reflect  .     (no gloves)
MR     +....     Harm     .     (no boots)
Stlth  ++........               (no amulet)
                                w - +3 ring of dexterity
                                s - +3 ring of dexterity

@: resistant, drained
A: change form in water, swift swim, stealthy swim
a: no special abilities


You were on level 4 of the Dungeon.
You were not hungry.

You visited 1 branch of the dungeon, and saw 4 of its levels.
You also visited: Sewer.

You collected 164 gold pieces.

Inventory:

Armour
 k - a +2 cloak (worn)
 q - a +2 robe of magic resistance (worn)
Jewellery
 p - an uncursed ring of resist corrosion
 s - a +3 ring of dexterity (left hand)
 w - a +3 ring of dexterity (right hand)
Wands
 y - a wand of flame (48/48)
Scrolls
 c - a scroll of remove curse
 d - a scroll of recharging
 f - a scroll of enchant weapon
 j - a scroll of identify
 m - a scroll of fog {unknown}
 n - a scroll of blinking {unknown}
Potions
 e - 5 potions of flight
 i - a potion of cure mutation {unknown}
 l - a potion of mutation {unknown}
 t - a potion of haste {unknown}
 u - a potion of brilliance {unknown}
 z - 5 potions of curing {unknown}
Comestibles
 b - 4 bread rations
 h - a royal jelly
 A - a meat ration


   Skills:
 + Level 4.3(3.6) Fighting
 + Level 6.1(5.3) Dodging
 - Level 2.1(1.5) Stealth
 * Level 6.0(5.2) Unarmed Combat


You had 5 spell levels left.
You didn't know any spells.

Dungeon Overview and Level Annotations

Branches:
Dungeon (4/15)
 Temple: D:4-7

Altars:
Dithmenos
Kikubaaqudgha
Ru


Message History

The orc warrior is lightly wounded.
The orc warrior hits you with a war axe of draining!
You feel drained.
The orc priest casts a cantrip, but nothing happens.
You hit the orc warrior.
The orc warrior is moderately wounded.
The orc warrior hits you with a war axe of draining!
You feel drained.
You hit the orc warrior but do no damage.
The orc warrior is moderately wounded.
The orc warrior closely misses you.
You closely miss the orc warrior.
The orc warrior is moderately wounded.
The orc priest invokes the aid of Beogh against you.
Beogh smites you!
* * * LOW HITPOINT WARNING * * *
It was a potion of resistance.
You feel protected.
The orc warrior hits you with a war axe of draining!
You die...

## #. ####. ....
### # #.. ..#.#
#†##.#.#
#..oo..#
####o### #@#
###########.####
#.....##.......#
#.....##.###.#.#
#.....## ##.#.#
.. #.....#
#..#.# ..
#.....## #.##.#
.#
###.####.##.##.#
.# ##.##
#.......#


You could see an orc warrior, an orc priest and an orc.

Vanquished Creatures
  A big kobold (Sewer)
  An orc wizard (D:3)
  2 worker ants (D:4)
  3 river rats (Sewer)
  4 adders
  An ooze (D:3)
  3 worms
  5 dart slugs
  4 giant geckos
  5 orcs (D:3)
  6 giant cockroaches
  8 goblins
  6 hobgoblins
  12 jackals
  2 quokkas (D:3)
  6 bats
  3 giant newts
  8 kobolds
  5 rats
85 creatures vanquished.

Notes
Turn   | Place    | Note
-------+----------+-------------------------------------------
     0 | D:1      | epen the Merfolk Monk began the quest for the Orb.
     0 | D:1      | Reached XP level 1. HP: 18/18 MP: 1/1
   252 | D:1      | Reached XP level 2. HP: 24/24 MP: 2/2
   541 | D:1      | Reached XP level 3. HP: 20/29 MP: 3/3
  1389 | D:2      | Reached XP level 4. HP: 26/35 MP: 4/4
  1399 | D:2      | Reached skill level 5 in Dodging
  1923 | D:3      | Found an ancient bone altar of Kikubaaqudgha.
  1998 | D:3      | Found a sacrificial altar of Ru.
  2280 | D:3      | Found a shadowy altar of Dithmenos.
  2514 | D:3      | Reached skill level 5 in Unarmed Combat
  2516 | D:3      | Reached XP level 5. HP: 17/42 MP: 5/5
  3330 | D:4      | Found a glowing drain.
  3342 | Sewer    | Entered a sewer
  3468 | Sewer    | Noticed a big kobold
  3498 | Sewer    | Reached XP level 6. HP: 31/48 MP: 6/6
  3578 | Sewer    | Found a white marble altar of Elyvilon.
  3778 | D:4      | Noticed an orc warrior
  3800 | D:4      | Mangled by an orc warrior

Vault maps used:
D:1:      minmay_arrival_stone_box
D:2:      hangedman_decor_riveting
D:3:      old_standard_altar, nicolae_ru_the_path_less_chosen, first_bread,
          minmay_misc_feat_room, grunt_dithmenos_smoke
D:4:      portal_sewer_entry_d
Sewer:    sewer_kobolds

Skill      XL: |  1  2  3  4  5  6 |
---------------+-------------------+-----
Unarmed Combat | 4 5 6 |  6.0
Dodging        | 5 6 |  6.1
Fighting       | 4 |  4.3
Stealth        | |  2.1

Action                   |  1- 3 |  4- 6 || total
-------------------------+-------+-------++-------
Melee: Unarmed           |   146 |   217 ||   363
       Punch             |     4 |     6 ||    10
       Tailslap          |       |     3 ||     3
  Use: Scroll            |       |     9 ||     9
       Potion            |       |     1 ||     1
 Stab: Sleeping          |     7 |     5 ||    12
       Distracted        |     1 |       ||     1
  Eat: Chunk             |     1 |     8 ||     9
Armor: Robe              |    14 |    27 ||    41
Dodge: Dodged            |   101 |   206 ||   307
